 Dungeon Crawl Stone Soup version 0.31-a0-175-g9f7f995f2b (webtiles) character file.

Game seed: 12515695814285437624

1874 olmar the Protected (level 8, -6/62 (73) HPs)
             Began as an Armataur Fighter on June 17, 2023.
             Was an Initiate of Gozag.
             Mangled by a wight
             ... wielding a +4 dire flail
              (9 damage)
             ... on level 7 of the Dungeon.
             The game lasted 00:08:35 (5266 turns).

olmar the Protected (Armataur Fighter)              Turns: 5266, Time: 00:08:36

HP:   -6/62 (73)    AC: 11    Str: 23    XL:     8   Next: 91%
MP:   8/8           EV:  6    Int:  8    God:    Gozag
Gold: 253           SH:  6    Dex: 17    Spells: 7/7 levels left

rFire   . . .        r - +2 morningstar (heavy)
rCold   . . .        c - +0 buckler
rNeg    . . .        e - +0 chain mail
rPois   .            (no helmet)
rElec   .            u - scarf {repulsion}
rCorr   .            p - +0 pair of gloves
SInv    .            (no barding)
Will    .....        (no amulet) Stlth
                     k - +6 ring of dexterity
HPRegen 0.30/turn    (no ring)
MPRegen 0.11/turn

%: repel missiles, roll
@: about to teleport, heavily drained
A: large, rugged brown scales 3, deformed body, armoured tail, roll, long
tongue, awkward tongue
a: Renounce Religion, Potion Petition, Call Merchant, Bribe Branch


You were on level 7 of the Dungeon.
You worshipped Gozag.
Gozag was aware of your devotion.
You visited 2 branches of the dungeon, and saw 8 of its levels.

You collected 523 gold pieces.
You spent 200 gold pieces at shops.
You paid 70 gold pieces to Gozag.

Inventory:

Hand Weapons
 a - a +0 flail
 i - a +0 shortbow
 r - a +2 heavy morningstar (weapon)
Missiles
 g - 9 poisoned darts
 x - 6 boomerangs
Armour
 b - a +0 scale mail
 c - a +0 buckler (worn)
 e - a +0 chain mail (worn)
 l - a +0 cloak
 p - a +0 pair of gloves (worn)
 u - a scarf of repulsion (worn)
Jewellery
 k - a +6 ring of dexterity (left hand)
Scrolls
 j - 2 scrolls of amnesia
 m - a scroll of enchant weapon {unknown}
 n - 7 scrolls of noise
 t - a scroll of poison
 v - a scroll of vulnerability {unknown}
 w - a scroll of identify
Potions
 o - a potion of degeneration
 s - a potion of enlightenment


   Skills:
 + Level 5.5 Fighting
 + Level 6.7 Maces & Flails
 + Level 8.3 Armour
 + Level 5.0 Shields
 + Level 1.4 Evocations


You had 7 spell levels left.
You didn't know any spells.
Your spell library contained the following spells:

 Spells                   Type           Power      Damage    Failure   Level
 Magic Dart               Conj           0%         1d3       95%         1
 Call Imp                 Summ           0%         N/A       98%         2
 Ensorcelled Hibernation  Hex/Ice        0%         N/A       98%         2
 Passwall                 Tmut/Erth      0%         N/A       98%         2
 Dazzling Flash           Conj/Hex       0%         N/A       100%        3
 Mephitic Cloud           Conj/Pois/Air  0%         N/A       100%        3
 Stone Arrow              Conj/Erth      0%         3d7       100%        3
 Swiftness                Air            0%         N/A       100%        3
 Vhi's Electric Charge    Tloc/Air       0%         N/A       100%        3
 Animate Armour           Summ/Erth      0%         N/A       100%        4
 Agony                    Necr           0%         N/A       100%        5
 Arcjolt                  Conj/Air       0%         1d10      100%        5
 Silence                  Hex/Air        0%         N/A       100%        5
 Plasma Beam              Fire/Air       0%         2x1d10    100%        6
 Lehudib's Crystal Spear  Conj/Erth      0%         10d2      100%        8


Dungeon Overview and Level Annotations

Branches:
Dungeon (7/15)             Temple (1/1) D:5

Altars:
Ashenzari
Cheibriados
Elyvilon
Fedhas
Gozag
Kikubaaqudgha
Makhleb
Okawaru
Ru
Uskayaw
Zin
The Shining One

Shops:
D:4 [

Portals:
Bailey: D:7

Annotations:
D:4 Duvessa


Innate Abilities, Weirdness & Mutations

You are completely covered in rugged brown scales. (AC +3, +7% HP)
Armour fits poorly on your strangely shaped body.
You have a long armoured tail.
You roll when moving toward enemies. (Rampage)
Your long tongue fully drains potion bottles. (2x potion effects)
Your tongue gives you trouble enunciating. (1.5x scroll delay)


Message History

Unknown command.
Something hits you but does no damage.
You hear some strange, mumbled words.
A puff of flame appears from out of thin air!
The puff of flame hits you but does no damage.
You roll towards the wight!
You closely miss something. Something hits you but does no damage.
The wight hits you but does no damage.
The wight is distracted by your dazzling golden aura.
Something hits you but does no damage.
Unknown command.
Something unexpectedly blocked you, preventing you from rolling!
You bludgeon something!!
Reactivating autopickup.
You feel a bit more experienced.
The wight is distracted by your dazzling golden aura.
The wight hits you from afar with a +4 trident.
The wight barely misses you. The wight hits you but does no damage.
You impale the wight!!
You destroy the wight!
The wight is no longer distracted by gold.
The wight hits you from afar with a +4 trident.
* * * LOW HITPOINT WARNING * * *
You feel drained.
The wight is distracted by your dazzling golden aura.
Unknown command.
As you slowly read the scroll of teleportation, it crumbles to dust.
You feel strangely unstable.
The wight is no longer distracted by gold. x2
The wight hits you with a +4 dire flail.
* * * LOW HITPOINT WARNING * * *
You feel drained.
* * * LOW HITPOINT WARNING * * *
The wight hits you with a +4 dire flail!
* * * LOW HITPOINT WARNING * * *
You feel drained.
* * * LOW HITPOINT WARNING * * *
The wight attacks as you move away!
The wight hits you with a +4 dire flail!
You die...
Your body crumbles into a pile of gold.

,*,,,***###8...........8#.)......
,#..,* #.##...........##....(...
,#...* #.##...##⌠###8#######....
,....####.##...######## *....
,...zzz...#8...8#..,,* *....
,#######z.##...##.#*,* *....
,#..$$.#.z##...##.#*,# ***##
,#..$$.#$o####....##.###*********
,#.$_$.+..# ##.@.......,,,,,,,,,
,#...$.#..#####z..##.###*********
,#.....#..zz.o....#*,*
,#######..z≈≈≈≈≈..#*,*
,.........z≈...≈..#*,*
*########..≈.∩.≈.##*,* #..≈.>.≈.#
*** #..≈≈)≈≈.# #........#


You could see 2 wights and an orc.

Vanquished Creatures
  Joseph (D:7)
  A water moccasin (D:6)
  A black bear (D:4)
  3 ice beasts
  A sky beast (D:4)
  A phantom (D:5)
  A kobold brigand (D:6)
  A bullfrog (D:5)
  A scorpion (D:5)
  Dowan (D:4)
  4 wights (D:7)
  3 hounds
  2 orc priests
  4 iguanas
  3 orc wizards
  2 adders
  A shadow imp (D:5)
  A worm (D:3)
  A dart slug (D:4)
  21 orcs
  8 endoplasms
  3 giant cockroaches (D:1)
  5 goblins
  12 hobgoblins
  10 kobolds
  5 quokkas
  7 ball pythons
  7 bats
  3 frilled lizards
  6 rats
120 creatures vanquished.

Vanquished Creatures (collateral kills)
  3 goblins (D:7)
3 creatures vanquished.

Grand Total: 123 creatures vanquished

Notes
Turn   | Place    | Note
-------+----------+-------------------------------------------
     0 | D:1      | olmar the Armataur Fighter began the quest for the Orb.
     0 | D:1      | Reached XP level 1. HP: 19/19 MP: 1/1
   176 | D:1      | Reached XP level 2. HP: 24/26 MP: 2/2
   396 | D:1      | Reached skill level 4 in Armour
   599 | D:1      | Reached XP level 3. HP: 19/33 MP: 3/3
   894 | D:2      | Found a faded altar of an unknown god.
  1679 | D:3      | Reached XP level 4. HP: 33/40 MP: 4/4
  1975 | D:3      | Reached XP level 5. HP: 48/48 MP: 5/5
  2119 | D:3      | Found a glowing golden altar of the Shining One.
  2317 | D:4      | Noticed a sky beast
  2345 | D:4      | Killed a sky beast
  2346 | D:4      | Reached skill level 5 in Armour
  2479 | D:4      | Noticed Duvessa
  2481 | D:4      | Noticed Dowan
  2482 | D:4      | Noticed a black bear
  2564 | D:4      | Reached XP level 6. HP: 47/55 MP: 6/6
  2835 | D:4      | Found Diucluwo's Antique Armour Emporium.
  2953 | D:5      | Entered Level 5 of the Dungeon
  3271 | D:5      | Reached skill level 6 in Armour
  3271 | D:5      | Reached XP level 7. HP: 58/63 MP: 7/7
  3533 | D:5      | Found a staircase to the Ecumenical Temple.
  3621 | Temple   | Entered the Ecumenical Temple
  3631 | Temple   | Became a worshipper of Gozag Ym Sagoz the Greedy
  3827 | D:6      | Reached skill level 5 in Maces & Flails
  4067 | D:6      | Reached skill level 7 in Armour
  4257 | D:6      | Reached XP level 8. HP: 71/71 MP: 8/8
  4570 | D:6      | Found a blossoming altar of Fedhas.
  4796 | D:4      | Killed Dowan
  4797 | D:4      | Reached skill level 5 in Fighting
  4908 | D:4      | Bought a glowing scarf for 200 gold pieces
  5134 | D:7      | Reached skill level 1 in Evocations
  5154 | D:7      | Noticed Joseph
  5163 | D:7      | Killed Joseph
  5164 | D:7      | Reached skill level 8 in Armour
  5164 | D:7      | Reached skill level 5 in Shields
  5189 | D:7      | Found a flagged portal.
  5230 | D:7      | Found a glowing silver altar of Zin.
  5262 | D:7      | HP: 2/62 [wight/+4 dire flail (3)]
  5266 | D:7      | Mangled by a wight

Illustrated notes

Levels and vault maps discovered:
D:1:      dpeg_arrival_subterranean_lakeside_camping, layout_basic,
          solitary_fountain, minivault_26, interstate_on_off,
          chequers_serial_rivers_room_b
D:2:      layout_loops_cross, shapermc_ecumenical_altar_ellora
D:3:      layout_rooms, mainiacjoe_overflow_small_starburst, serial_forest,
          infiniplex_forest_end_2, infiniplex_forest_clump_diagonal,
          infiniplex_forest_zigzag_1, infiniplex_forest_straight_2,
          infiniplex_forest_lined_1, infiniplex_forest_straight_2,
          palyth_stone_intersect, grunt_ministairs_3, st_stairs_3,
          minmay_misc_feat_cross
D:4:      cheibrodos_fertilizer, layout_basic, serial_shops,
          nicolae_shop_statue_plus, minmay_close_crescents, uniq_duvessa
D:5:      layout_cave_pools, minmay_temple_entry_nine_rooms
D:6:      layout_cave_pools, lemuel_doored_altar
D:7:      gammafunk_the_bubble [the_bubble_gammafunk_grid], layout_basic,
          amcnicky_altar_gilded, enter_bailey_5, serial_bayou_pond_e,
          dreamdust_princess_corridor, corexii_hall_statues_s, uniq_joseph
Temple:   hellmonk_temple_of_storms

Skill      XL: |  1  2  3  4  5  6  7  8 |
---------------+-------------------------+-----
Fighting       | 3 4 5 |  5.5
Maces & Flails | 2 3 4 5 6 |  6.7
Armour         | 4 5 6 7 8 |  8.3
Shields        | 4 5 |  5.0
Evocations     | 1 |  1.4

Action                     |  1- 3 |  4- 6 |  7- 9 || total
---------------------------+-------+-------+-------++-------
  Melee: Flail             |   134 |   146 |    24 ||   304
         Tailslap          |    16 |    14 |    12 ||    42
         Morningstar       |       |       |    97 ||    97
  Throw: Throwing net      |       |       |     2 ||     2
         Dart              |       |       |     1 ||     1
  Evoke: Wand              |       |       |     8 ||     8
    Use: Potion            |     3 |     2 |     4 ||     9
         Scroll            |       |     4 |     6 ||    10
   Stab: Distracted        |       |       |     2 ||     2
 Armour: Scale mail        |    91 |    49 |       ||   140
         Chain mail        |       |    54 |    99 ||   153
         Skin              |       |     7 |       ||     7
  Dodge: Dodged            |    53 |    29 |    68 ||   150
         Repelled          |       |       |     1 ||     1
  Block: Buckler           |    35 |    28 |    59 ||   122

Table legend: (Time is in decaauts)
 A = Elapsed time spent in this place.
 B = Non-inter-level travel time spent in this place.
 C = Inter-level travel time spent in this place.
 D = Time resting spent in this place.
 E = Time spent auto-exploring this place.
 F = Levels seen in this place.
 G = Mean time per level.
                   A        B        C        D        E       F      G
               +--------+--------+--------+--------+--------+-----+--------+
         Total |   5444 |   5071 |    373 |    541 |   3391 |   8 |  680.5 |
       Dungeon |   5423 |   5061 |    362 |    541 |   3391 |   7 |  774.7 |
        Temple |     20 |     10 |     10 |      0 |      0 |   1 |   20.0 |
               +--------+--------+--------+--------+--------+-----+--------+

Top non-repeatable levels by time:
     D:3: 1031 daAuts
     D:5: 972 daAuts
     D:6: 937 daAuts
     D:2: 799 daAuts
     D:1: 774 daAuts
     D:4: 714 daAuts
     D:7: 194 daAuts
  Temple: 20 daAuts
